SAA
ATLANTIC CITY SONICS @ OTTAWA NATIONALS
05/07/2042
 
TOP OF THE 1ST
Atlantic City Sonics batting - Pitching for Ottawa Nationals : RHP Jonathan Campbell
Pitching: RHP Jonathan Campbell
Batting: RHB Jerry Scott 0-0: Called Strike
0-1: Ball
1-1: Called Strike
1-2: Foul Ball, location: 2F
1-2: Ball
2-2: Ball
3-2: Foul Ball, location: 2F
3-2: Strikes out looking
Batting: RHB Garm van Opdorp 0-0: Foul Ball, location: 2F
0-1: Ball
1-1: SINGLE (Groundball, 34D, EV 94.4 MPH)
Batting: SHB John Clements 0-0: Ball
Wild Pitch!
Garm van Opdorp to second
1-0: Swinging Strike
1-1: Foul Ball, location: 2F
1-2: Ball
2-2: Foul Ball, location: 2F
2-2: Foul Ball, location: 2F
2-2: Ground out 6-3 (Groundball, 6, EV 102.5 MPH)
Batting: RHB Zhong-yan Zhang 0-0: Ball
1-0: Foul Ball, location: 2F
1-1: Called Strike
1-2: Foul Ball, location: 2F
1-2: Ball
2-2: Ball
3-2: SINGLE (Groundball, 34D, EV 94.4 MPH)
Garm van Opdorp to third
Garm van Opdorp scores
Batting: RHB Raffaello Dichio 0-0: Called Strike
0-1: Hit by Pitch
Zhong-yan Zhang to second
Batting: LHB Luis Ortíz 0-0: Fly out, F6 (Popup, 6MS, EV 76.9 MPH)
Top of the 1st over - 1 run, 2 hits, 0 errors, 2 left on base; Atlantic City 1 - Ottawa 0
BOTTOM OF THE 1ST
Ottawa Nationals batting - Pitching for Atlantic City Sonics : RHP Jay Newton
Pitching: RHP Jay Newton
Batting: LHB Knox Loposer 0-0: Called Strike
0-1: Ball
1-1: DOUBLE (Line Drive, 89D, EV 107.5 MPH)
Batting: SHB Aristotle Auer 0-0: Called Strike
0-1: Ground out U3 (Groundball, 3, EV 86.2 MPH)
Knox Loposer to third
Batting: SHB Marcos Román 0-0: Ball
1-0: Ball
2-0: Ball
3-0: Called Strike
3-1: Base on Balls
Batting: RHB Imbart Baars 0-0: Called Strike
0-1: Foul Ball, location: 2F
0-2: Ball
1-2: Foul Ball, location: 2F
1-2: Ball
2-2: Ball
Marcos Román steals 2nd base
3-2: Strikes out swinging
Batting: LHB Tony McMillan 0-0: Ball
1-0: Foul Ball, location: 2F
1-1: Ground out 1-3 (Groundball, 15, EV 68.1 MPH)
Bottom of the 1st over - 0 runs, 1 hit, 0 errors, 2 left on base; Atlantic City 1 - Ottawa 0
TOP OF THE 2ND
Atlantic City Sonics batting - Pitching for Ottawa Nationals : RHP Jonathan Campbell
Batting: RHB Guillermo Alessandrini 0-0: Called Strike
0-1: Swinging Strike
0-2: Ball
1-2: Ball
2-2: SINGLE (Groundball, 56D, EV 101.9 MPH)
Batting: LHB Jorge Quilez 0-0: Ball
1-0: Foul Ball, location: 2F
1-1: Ball
2-1: Fly out, F9 (Line Drive, 9, EV 90.0 MPH)
Batting: RHB Denis Perrin 0-0: Foul Ball, location: 2F
0-1: Called Strike
0-2: Ball
1-2: Ball
2-2: Fly out, F7 (Line Drive, 7D, EV 89.4 MPH)
Batting: RHB Jerry Scott 0-0: Ball
1-0: Called Strike
1-1: Foul Ball, location: 2F
1-2: Foul Ball, location: 2F
1-2: Foul Ball, location: 2F
1-2: SINGLE (Groundball, 56, EV 106.2 MPH) (infield hit)
Guillermo Alessandrini to second
Batting: RHB Garm van Opdorp 0-0: Foul Ball, location: 2F
0-1: Ball
1-1: DOUBLE (Line Drive, 9LM, EV 101.2 MPH)
Guillermo Alessandrini scores
Jerry Scott to third
Batting: SHB John Clements 0-0: Ball
1-0: Ball
2-0: Ball
3-0: Base on Balls
Batting: RHB Zhong-yan Zhang 0-0: Ground out 1-3 (Groundball, 34S, EV 60.6 MPH)
Top of the 2nd over - 1 run, 3 hits, 0 errors, 3 left on base; Atlantic City 2 - Ottawa 0
BOTTOM OF THE 2ND
Ottawa Nationals batting - Pitching for Atlantic City Sonics : RHP Jay Newton
Batting: RHB Hulama Yani 0-0: Called Strike
0-1: Ball
1-1: Ground out 5-3 (Groundball, 5S, EV 81.9 MPH)
Batting: LHB Ewold de Regt 0-0: Ball
1-0: Swinging Strike
1-1: Ball
2-1: Called Strike
2-2: Ball
3-2: Strikes out swinging
Batting: RHB Michael Collier 0-0: Ball
1-0: Ball
2-0: Called Strike
2-1: Foul Ball, location: 2F
2-2: Ground out 6-3 (Groundball, 6, EV 103.1 MPH)
Bottom of the 2nd over - 0 runs, 0 hits, 0 errors, 0 left on base; Atlantic City 2 - Ottawa 0
TOP OF THE 3RD
Atlantic City Sonics batting - Pitching for Ottawa Nationals : RHP Jonathan Campbell
Batting: RHB Raffaello Dichio 0-0: SINGLE (Line Drive, 4MD, EV 97.5 MPH)
Batting: LHB Luis Ortíz 0-0: Swinging Strike
0-1: Ball
1-1: Ball
2-1: Fielders Choice at 2nd, 4-6 (Groundball, 4, EV 88.1 MPH)
Batting: RHB Guillermo Alessandrini 0-0: Ball
1-0: Ball
2-0: Foul Ball, location: 2F
2-1: Foul Ball, location: 2F
2-2: Grounds into double play, 2-4-3 (Groundball, 15S, EV 65.0 MPH)
Top of the 3rd over - 0 runs, 1 hit, 0 errors, 0 left on base; Atlantic City 2 - Ottawa 0
BOTTOM OF THE 3RD
Ottawa Nationals batting - Pitching for Atlantic City Sonics : RHP Jay Newton
Batting: RHB Joe Padilla 0-0: Ball
1-0: Called Strike
1-1: Foul Ball, location: 2F
1-2: Strikes out looking
Batting: LHB Knox Loposer 0-0: Called Strike
0-1: Ball
1-1: Fly out, F6 (Line Drive, 6, EV 72.5 MPH)
Batting: SHB Aristotle Auer 0-0: Swinging Strike
0-1: Called Strike
0-2: Ball
1-2: Fly out, F8 (Flyball, 8RS, EV 95.6 MPH)
Bottom of the 3rd over - 0 runs, 0 hits, 0 errors, 0 left on base; Atlantic City 2 - Ottawa 0
TOP OF THE 4TH
Atlantic City Sonics batting - Pitching for Ottawa Nationals : RHP Jonathan Campbell
Batting: LHB Jorge Quilez 0-0: Bunt missed!
0-1: DOUBLE (Flyball, 89XD, EV 108.1 MPH)
Batting: RHB Denis Perrin 0-0: Ball
1-0: Ball
2-0: Called Strike
2-1: Called Strike
2-2: Ball
3-2: Foul Ball, location: 2F
3-2: Base on Balls
Batting: RHB Jerry Scott 0-0: Foul Ball, location: 2F
0-1: Ball
1-1: Swinging Strike
1-2: Ball
2-2: Strikes out swinging
Batting: RHB Garm van Opdorp 0-0: Ball
1-0: Ball
Jorge Quilez steals 3rd base
2-0: SINGLE (Line Drive, 7LS, EV 109.4 MPH)
Jorge Quilez scores
Denis Perrin to second
Batting: SHB John Clements 0-0: Called Strike
0-1: SINGLE (Flyball, 7S, EV 83.8 MPH)
Denis Perrin to third
Garm van Opdorp to second
Runner from 3rd tries for Home, SAFE, throw by LF to home
Batting: RHB Zhong-yan Zhang 0-0: Ball
1-0: Called Strike
1-1: Swinging Strike
1-2: Foul Ball, location: 2F
1-2: Strikes out swinging
Batting: RHB Raffaello Dichio 0-0: Fly out, F8 (Flyball, 8RS, EV 86.9 MPH)
Top of the 4th over - 2 runs, 3 hits, 0 errors, 2 left on base; Atlantic City 4 - Ottawa 0
BOTTOM OF THE 4TH
Ottawa Nationals batting - Pitching for Atlantic City Sonics : RHP Jay Newton
Batting: SHB Marcos Román 0-0: Ball
1-0: Ball
2-0: Swinging Strike
2-1: Ball
3-1: Base on Balls
Batting: RHB Imbart Baars 0-0: Called Strike
0-1: Ball
1-1: Ball
2-1: Ball
Marcos Román steals 2nd base
3-1: Base on Balls
Batting: LHB Tony McMillan 0-0: Ball
1-0: Ball
2-0: Fly out, F5 (Popup, 56S, EV 73.8 MPH)
Batting: RHB Hulama Yani 0-0: Fly out, F7 (Flyball, 78M, EV 92.5 MPH)
Batting: LHB Ewold de Regt 0-0: DOUBLE (Line Drive, 5D, EV 95.0 MPH)
Marcos Román scores
Imbart Baars to third
Batting: RHB Michael Collier 0-0: Foul Ball, location: 2F
0-1: Foul Ball, location: 2F
0-2: Ball
1-2: Ball
2-2: Fly out, F9 (Flyball, 9LM, EV 91.2 MPH)
Bottom of the 4th over - 1 run, 1 hit, 0 errors, 2 left on base; Atlantic City 4 - Ottawa 1
TOP OF THE 5TH
Atlantic City Sonics batting - Pitching for Ottawa Nationals : RHP Jonathan Campbell
Batting: LHB Luis Ortíz 0-0: Ground out U3 (Groundball, 34, EV 90.6 MPH)
Batting: RHB Guillermo Alessandrini 0-0: Ball
1-0: Called Strike
1-1: Ball
2-1: Ball
3-1: Called Strike
3-2: Ground out 5-3 (Groundball, 56, EV 92.5 MPH)
Batting: LHB Jorge Quilez 0-0: Ball
1-0: Fly out, F8 (Line Drive, 8LD, EV 88.1 MPH)
Top of the 5th over - 0 runs, 0 hits, 0 errors, 0 left on base; Atlantic City 4 - Ottawa 1
BOTTOM OF THE 5TH
Ottawa Nationals batting - Pitching for Atlantic City Sonics : RHP Jay Newton
Batting: RHB Joe Padilla 0-0: Ground out 5-3 (Groundball, 56S, EV 66.2 MPH)
Batting: LHB Knox Loposer 0-0: Ball
1-0: Called Strike
1-1: Ball
2-1: Ball
3-1: Base on Balls
Batting: SHB Aristotle Auer 0-0: Swinging Strike
0-1: Called Strike
0-2: Foul Ball, location: 2F
0-2: SINGLE (Line Drive, 3D, EV 97.5 MPH)
Knox Loposer to second
Runner from 2nd tries for 3rd, SAFE, no throw by RF
Batting: SHB Marcos Román 0-0: Swinging Strike
0-1: Foul Ball, location: 2F
0-2: Fly out, F9 (Flyball, 9, EV 93.8 MPH)
Runner from 3rd tags up, SCORES, throw by RF
Batting: RHB Imbart Baars 0-0: Ball
Aristotle Auer is caught stealing 2nd base 2-4
Bottom of the 5th over - 1 run, 1 hit, 0 errors, 0 left on base; Atlantic City 4 - Ottawa 2
TOP OF THE 6TH
Atlantic City Sonics batting - Pitching for Ottawa Nationals : RHP Jonathan Campbell
Batting: RHB Denis Perrin 0-0: Called Strike
0-1: Ball
1-1: Swinging Strike
1-2: Foul Ball, location: 2F
1-2: Fly out, F7 (Flyball, 7S, EV 88.8 MPH)
Batting: RHB Jerry Scott 0-0: Foul Ball, location: 2F
0-1: Foul Ball, location: 2F
0-2: Strikes out swinging
Batting: RHB Garm van Opdorp 0-0: Foul Ball, location: 2F
0-1: Ground out 6-3 (Groundball, 6, EV 80.0 MPH)
Top of the 6th over - 0 runs, 0 hits, 0 errors, 0 left on base; Atlantic City 4 - Ottawa 2
BOTTOM OF THE 6TH
Ottawa Nationals batting - Pitching for Atlantic City Sonics : RHP Jay Newton
Batting: RHB Imbart Baars 0-0: Ball
1-0: Ball
2-0: SINGLE (Groundball, 5D, EV 106.2 MPH)
Batting: LHB Tony McMillan 0-0: Ball
1-0: Swinging Strike
1-1: Ball
2-1: Fielders Choice at 2nd, 6-4 (Groundball, 6, EV 83.8 MPH)
Batting: RHB Hulama Yani 0-0: Called Strike
0-1: Foul Ball, location: 2F
0-2: Ball
1-2: Foul Ball, location: 2F
1-2: Ball
2-2: Fielders Choice at 2nd, 4-6 (Groundball, 34, EV 103.8 MPH)
Batting: LHB Ewold de Regt 0-0: Ball
1-0: Foul Ball, location: 2F
1-1: Ball
2-1: Fly out, F7 (Flyball, 7LM, EV 90.0 MPH)
Bottom of the 6th over - 0 runs, 1 hit, 0 errors, 1 left on base; Atlantic City 4 - Ottawa 2
TOP OF THE 7TH
Atlantic City Sonics batting - Pitching for Ottawa Nationals : RHP Jonathan Campbell
Batting: SHB John Clements 0-0: Ball
1-0: Foul Ball, location: 2F
1-1: Foul Ball, location: 2F
1-2: Ball
2-2: DOUBLE (Flyball, 89XD, EV 98.8 MPH)
Batting: RHB Zhong-yan Zhang 0-0: Ball
1-0: Ball
2-0: Ball
3-0: Called Strike
3-1: Base on Balls
Batting: RHB Raffaello Dichio 0-0: Foul Ball, location: 2F
0-1: Called Strike
0-2: DOUBLE (Flyball, 89XD, EV 91.2 MPH)
John Clements scores
Zhong-yan Zhang to third
Batting: LHB Luis Ortíz 0-0: Called Strike
0-1: Called Strike
0-2: Fly out, F7 (Line Drive, 78S, EV 88.8 MPH)
Runner from 3rd tags up, SCORES, no throw by LF
Batting: RHB Guillermo Alessandrini 0-0: Called Strike
0-1: SINGLE (Line Drive, 89M, EV 93.8 MPH)
Raffaello Dichio to third
Batting: LHB Jorge Quilez 0-0: Called Strike
0-1: Ball
1-1: Called Strike
1-2: Ball
2-2: Ball
3-2: DOUBLE (Line Drive, 9LM, EV 107.5 MPH)
Raffaello Dichio scores
Guillermo Alessandrini to third
Pitching: RHP Jim Maxwell
Batting: RHB Denis Perrin 0-0: Called Strike
0-1: Ball
1-1: Ground out 6-3 (Groundball, 6, EV 100.0 MPH)
Guillermo Alessandrini scores
Batting: RHB Jerry Scott 0-0: Foul Ball, location: 2F
0-1: Ball
1-1: Fly out, F6 (Popup, 6MS, EV 60.6 MPH)
Top of the 7th over - 4 runs, 4 hits, 0 errors, 1 left on base; Atlantic City 8 - Ottawa 2
BOTTOM OF THE 7TH
Ottawa Nationals batting - Pitching for Atlantic City Sonics : RHP Jay Newton
Batting: RHB Michael Collier 0-0: Called Strike
0-1: SINGLE (Groundball, 4MD, EV 99.4 MPH)
Pitching: LHP Darren Henry
Batting: RHB Joe Padilla 0-0: Called Strike
0-1: Swinging Strike
0-2: Foul Ball, location: 2F
0-2: Strikes out swinging
Batting: LHB Knox Loposer 0-0: Foul Ball, location: 2F
0-1: Ball
1-1: Ball
2-1: Ball
3-1: Fly out, F8 (Line Drive, 8LD, EV 98.8 MPH)
Batting: SHB Aristotle Auer 0-0: Ball
1-0: Ball
2-0: Foul Ball, location: 2F
2-1: Foul Ball, location: 2F
2-2: Foul Ball, location: 2F
2-2: Strikes out looking
Bottom of the 7th over - 0 runs, 1 hit, 0 errors, 1 left on base; Atlantic City 8 - Ottawa 2
TOP OF THE 8TH
Atlantic City Sonics batting - Pitching for Ottawa Nationals : RHP Jim Maxwell
Batting: RHB Garm van Opdorp 0-0: Ball
1-0: Ball
2-0: Ball
3-0: Called Strike
3-1: SINGLE (Groundball, 6D, EV 103.8 MPH)
Batting: SHB John Clements 0-0: Ball
1-0: Ball
2-0: Ball
3-0: Called Strike
3-1: Base on Balls
Garm van Opdorp to second
Batting: RHB Zhong-yan Zhang 0-0: Foul Ball, location: 2F
0-1: Ball
1-1: Reached on error, E6 (Groundball, 6M, EV 85.6 MPH)
Garm van Opdorp to third
John Clements to second
Pitching: LHP Errol Young
Batting: RHB Raffaello Dichio 0-0: Ball
1-0: Ball
2-0: SINGLE (Groundball, 56D, EV 94.4 MPH)
Garm van Opdorp scores
John Clements to third
Zhong-yan Zhang to second
Runner from 3rd tries for Home, SAFE, no throw by LF
Batting: LHB Luis Ortíz 0-0: SINGLE (Line Drive, 8RS, EV 100.6 MPH)
Zhong-yan Zhang to third
Raffaello Dichio to second
Batting: RHB Guillermo Alessandrini 0-0: Ball
1-0: Called Strike
1-1: DOUBLE (Flyball, 8LXD, EV 108.8 MPH)
Zhong-yan Zhang scores
Raffaello Dichio scores
Luis Ortíz to third
Runner from 3rd tries for Home, SAFE, no throw by CF
Pinch Hitting: RHB John Ingham 0-0: Foul Ball, location: 2F
0-1: Ball
1-1: Ball
2-1: Ground out 4-3 (Groundball, 4M, EV 85.0 MPH)
Guillermo Alessandrini to third
Batting: RHB Denis Perrin 0-0: Called Strike
0-1: SINGLE (Groundball, 34D, EV 101.2 MPH)
Guillermo Alessandrini scores
Batting: RHB Jerry Scott 0-0: Called Strike
0-1: Ball
1-1: Foul Ball, location: 2F
1-2: Ball
2-2: SINGLE (Groundball, 4MD, EV 100.0 MPH)
Denis Perrin to second
Batting: RHB Garm van Opdorp 0-0: Ball
1-0: Ball
2-0: Called Strike
2-1: Swinging Strike
2-2: Ball
3-2: Base on Balls
Denis Perrin to third
Jerry Scott to second
Pitching: RHP Manuel Barrera
Batting: SHB John Clements 0-0: Ball
1-0: Ball
2-0: Swinging Strike
2-1: Ball
3-1: Swinging Strike
3-2: Base on Balls
Denis Perrin scores
Jerry Scott to third
Garm van Opdorp to second
Batting: RHB Zhong-yan Zhang 0-0: Ball
1-0: SINGLE (Line Drive, 34D, EV 106.9 MPH)
Jerry Scott scores
Garm van Opdorp to third
John Clements to second
Runner from 3rd tries for Home, SAFE, throw by RF to home
Batting: RHB Raffaello Dichio 0-0: Called Strike
0-1: Swinging Strike
0-2: Strikes out swinging
Batting: LHB Luis Ortíz 0-0: Foul Ball, location: 2F
0-1: Ball
1-1: Swinging Strike
1-2: Strikes out looking
Top of the 8th over - 9 runs, 7 hits, 1 error, 2 left on base; Atlantic City 17 - Ottawa 2
BOTTOM OF THE 8TH
Ottawa Nationals batting - Pitching for Atlantic City Sonics : LHP Darren Henry
Now in CF: John Ingham
Batting: SHB Marcos Román 0-0: Swinging Strike
0-1: Ball
1-1: Fly out, F9 (Line Drive, 89S, EV 91.2 MPH)
Pinch Hitting: RHB Dave Curtis 0-0: Ball
1-0: Swinging Strike
1-1: Foul Ball, location: 2F
1-2: Foul Ball, location: 2F
1-2: Strikes out swinging
Batting: LHB Tony McMillan 0-0: Foul Ball, location: 2F
0-1: Called Strike
0-2: Ball
1-2: Ball
2-2: Foul Ball, location: 2F
2-2: Foul Ball, location: 2F
2-2: Ball
3-2: Ground out U3 (Groundball, 3, EV 82.5 MPH)
Bottom of the 8th over - 0 runs, 0 hits, 0 errors, 0 left on base; Atlantic City 17 - Ottawa 2
TOP OF THE 9TH
Atlantic City Sonics batting - Pitching for Ottawa Nationals : RHP Manuel Barrera
Now at 1B: Boyd Tholen
Batting: RHB Guillermo Alessandrini 0-0: Called Strike
0-1: Called Strike
0-2: Hit by Pitch
Batting: RHB John Ingham 0-0: Fielders Choice at 2nd, 1-6 (Groundball, 13S, EV 70.0 MPH)
Batting: RHB Denis Perrin 0-0: Ball
1-0: Called Strike
Balk!
John Ingham to second
1-1: Ball
2-1: DOUBLE (Line Drive, 89XD, EV 108.1 MPH)
John Ingham scores
Batting: RHB Jerry Scott 0-0: Called Strike
0-1: Ball
1-1: Fly out, F3 (Popup, 3SF, EV 66.9 MPH)
Batting: RHB Garm van Opdorp 0-0: Ball
1-0: Swinging Strike
1-1: Swinging Strike
1-2: Foul Ball, location: 2F
1-2: Ball
2-2: Ball
3-2: Base on Balls
Batting: SHB John Clements 0-0: SINGLE (Groundball, 6, EV 97.5 MPH) (infield hit)
Denis Perrin to third
Garm van Opdorp to second
Pinch Runner at 1st Doug Tipton:
Batting: RHB Zhong-yan Zhang 0-0: Ball
1-0: Ball
2-0: Called Strike
2-1: Foul Ball, location: 2F
2-2: Ball
Wild Pitch!
Denis Perrin scores
Garm van Opdorp to third
Doug Tipton to second
3-2: Base on Balls
Batting: RHB Raffaello Dichio 0-0: Ball
Wild Pitch!
Garm van Opdorp scores
Doug Tipton to third
Zhong-yan Zhang to second
1-0: Ball
Wild Pitch!
Doug Tipton scores
Zhong-yan Zhang to third
2-0: Ball
3-0: Called Strike
3-1: Fly out, F8 (Flyball, 8LS, EV 84.4 MPH)
Top of the 9th over - 4 runs, 2 hits, 0 errors, 1 left on base; Atlantic City 21 - Ottawa 2
BOTTOM OF THE 9TH
Ottawa Nationals batting - Pitching for Atlantic City Sonics : LHP Darren Henry
Now in LF: Doug Tipton
Batting: RHB Hulama Yani 0-0: Ball
1-0: Ball
2-0: Ball
3-0: Base on Balls
Batting: LHB Ewold de Regt 0-0: Fly out, F8 (Line Drive, 8LM, EV 85.6 MPH)
Pinch Hitting: RHB José Cintrón 0-0: Grounds into double play, 5-4-3 (Groundball, 5, EV 85.0 MPH)
Bottom of the 9th over - 0 runs, 0 hits, 0 errors, 0 left on base; Atlantic City 21 - Ottawa 2
Friday, March 26th, 2021 - OOTP Baseball 20.8 Build 74